Map: Equilibrium LE

Players

Subwayeatn - Winner!

  • Race: Zerg Zerg
  • League: Platinum
  • Spawn Location: 1:00

gnorf

  • Race: Zerg Zerg
  • League: Diamond
  • Spawn Location: 11:00

VOD

Have the link to the VOD?

Description

Time

  • Played on: Nov. 13, 2023, 8:41 p.m.
  • Length: 3:34
Show
View Real Time Build Order
Export as new Build Order

Subwayeatn Zerg - Winner!

Build Orders: Pool First 

Get SALT Encoding   

  12  0:00  Drone  
  13  0:10  Drone  
  14  0:15  Extractor  
  13  0:29  Spawning Pool  
  12  0:58  Hatchery  
  11  1:16  Queen  
  13  1:25  Overlord  
  13  1:32  Zergling x2  
  14  1:46  Zergling x4  
  16  1:54  Metabolic Boost  
  16  2:01  Zergling x2  
  16  2:04  Zergling x2  
  18  2:19  Queen  
  20  2:25  Zergling x2  
  21  2:30  Zergling x2  
  22  2:39  Zergling x4  
  22  2:43  Zergling x2  
  25  2:47  Zergling x2  
  26  2:52  Zergling x2  
  26  3:09  Zergling x2  
  26  3:11  Overlord  
Show
View Real Time Build Order
Export as new Build Order

gnorf Zerg 

Build Orders: Pool First 

Get SALT Encoding   

  12  0:00  Drone  
  13  0:10  Drone  
  14  0:20  Overlord  
  14  0:38  Drone  
  14  0:39  Drone x2  
  17  0:44  Spawning Pool  
  16  0:50  Drone  
  17  1:01  Drone  
  18  1:13  Hatchery  
  18  1:15  Extractor  
  18  1:16  Drone  
  17  1:22  Overlord  
  17  1:33  Queen  
  17  1:36  Zergling x2  
  20  1:44  Drone  
  21  1:54  Drone  
  22  2:04  Drone  
  23  2:10  Queen  
  25  2:22  Drone  
  25  2:25  Drone  
  25  2:26  Drone  
  27  2:36  Overlord  
  27  2:38  Drone  
  28  2:46  Drone  
  30  2:51  Drone x3  
  31  3:03  Zergling x4  
  32  3:14  Zergling x4  
Tags
 
Add a new tag
Caveats
  • Supply blocks, unpowered buildings, or Contaminate may cause inaccurate times.
  • Supply counts are checked every 10 seconds.